[Event "WYCC 2018 G14"]
[Site "Halkidiki"]
[Date "2018.10.21"]
[Round "2"]
[White "Zrmanovska Mihaela"]
[Black "Moracchini, Margaux"]
[Result "0-1"]
[ECO "B75"]
[WhiteElo "1354"]
[BlackElo "1838"]
[Annotator "NA"]
[PlyCount "124"]
[EventDate "2018.10.20"]
[EventType "swiss"]
[EventCountry "GRE"]
[SourceTitle "playchess.com"]
[Source "ChessBase"]
[SourceQuality "1"]
[TimeControl "40/5400+30:1800+30"]

1. e4 c5 2. Nf3 d6 3. d4 cxd4 4. Nxd4 Nf6 5. Nc3 g6 6. Be3 Bg7 7. f3 a6 8. Qd2 h5 {[%emt 0:00:13] B75: Sicilian Dragon: Yugoslav Attack, Miscellaneous} (8... b5 9. a4 b4 10. Nd5 Nxd5 11. exd5 Bb7 12. Bc4 Nd7 13. a5 Nf6 14. Ne2 O-O 15. Ra4 Rc8 16. b3 Rc5 17. Rxb4 Rxd5 18. Bxd5 Bxd5 {½-½ (61) Kramnik,V (2808)-Nakamura,H (2785) Stavanger 2017}) 9. O-O-O Nbd7 10. Bc4 b5 11. Bb3 {[%emt 0:04:48] LiveBook: 10 Games} ({But not} 11. Nc6 Qc7 $17) 11... Bb7 12. a3 Rc8 13. Rdf1 $146 ({Predecessor:} 13. Kb1 Ne5 14. Rhe1 O-O 15. Bh6 Bxh6 16. Qxh6 Rxc3 17. bxc3 {1-0 (30) Vescovi,G (2622)-Kudrin,S (2553) Philadelphia 2006}) 13... Ne5 14. Nde2 Nc4 15. Bxc4 Rxc4 16. Nf4 b4 17. axb4 Rxb4 18. Nd3 Rc4 19. h3 Qa5 20. Kb1 Nd7 21. Na2 Qb5 22. Rd1 Ne5 23. Nc3 Qd7 24. Nxe5 Bxe5 25. Nd5 Qb5 26. b3 Bxd5 27. Qxd5 Qxd5 28. Rxd5 Rc3 29. Bd4 Bxd4 30. Rxd4 h4 31. Rb4 Rh5 32. Kc1 Rhc5 33. Rc4 R5xc4 34. bxc4 Rxc4 35. Kd2 Kd7 36. Ra1 Rc5 37. Kd3 Rg5 38. Rg1 Kc6 39. Kc4 a5 40. Kb3 Kb5 41. c4+ Kc5 42. Kc3 a4 43. Ra1 Rxg2 44. Rxa4 Rg3 45. Ra7 Rxf3+ 46. Kd2 Kxc4 47. Rxe7 Kd4 48. Ke2 Rxh3 49. Rxf7 Rg3 50. Rh7 g5 51. Rh6 Kxe4 52. Rxd6 Rg2+ 53. Kf1 Ra2 54. Re6+ Kf3 55. Rf6+ Kg3 56. Rf5 g4 57. Rb5 Ra1+ 58. Ke2 h3 59. Rb3+ Kg2 60. Rb2 h2 61. Ke3+ Kg1 62. Kf4 h1=Q 0-1

[Event "WYCC 2018 G14"]
[Site "Halkidiki"]
[Date "2018.10.21"]
[Round "2"]
[White "Putter, Nicola"]
[Black "Anghel, Maria"]
[Result "0-1"]
[ECO "B23"]
[WhiteElo "1351"]
[BlackElo "1801"]
[Annotator "NA"]
[PlyCount "90"]
[EventDate "2018.10.20"]
[EventType "swiss"]
[EventCountry "GRE"]
[SourceTitle "playchess.com"]
[Source "ChessBase"]
[SourceQuality "1"]
[TimeControl "40/5400+30:1800+30"]

1. e4 c5 2. Nc3 e6 3. f4 Nc6 4. Bb5 Nge7 5. a3 a6 6. Bxc6 Nxc6 7. Nf3 d5 8. d3 Be7 9. O-O O-O 10. Qe1 b5 11. e5 f6 12. Ne2 Bb7 13. d4 f5 14. Be3 c4 15. b4 cxb3 16. cxb3 b4 17. Bd2 bxa3 18. b4 Qb6 19. Rxa3 Nxb4 20. Rb3 a5 21. Qa1 Ba6 22. Rf2 Bc4 23. Rb2 Qa6 24. Bxb4 Bxb4 25. Ne1 Rab8 26. Nc2 Bxe2 27. Nxb4 axb4 28. Ra2 Qc4 29. Rfxe2 b3 30. Rad2 Rfc8 31. Qb1 Ra8 32. Rd3 Rcb8 33. Ree3 b2 34. Rc3 Ra1 35. Rxc4 Rxb1+ 36. Kf2 dxc4 37. d5 exd5 38. e6 Rc1 39. e7 Kf7 40. Kg3 b1=Q 41. Kh4 Re1 42. Rxe1 Qxe1+ 43. Kg5 h6+ 44. Kh5 g6+ 45. Kxh6 Qh4# 0-1

[Event "WYCC 2018 G14"]
[Site "Halkidiki"]
[Date "2018.10.21"]
[Round "2"]
[White "Beslija, Hana"]
[Black "Sleurs, Juliette"]
[Result "0-1"]
[ECO "C45"]
[WhiteElo "1163"]
[BlackElo "1812"]
[Annotator "NA"]
[PlyCount "34"]
[EventDate "2018.10.20"]
[EventType "swiss"]
[EventCountry "GRE"]
[SourceTitle "playchess.com"]
[Source "ChessBase"]
[SourceQuality "1"]
[TimeControl "40/5400+30:1800+30"]

1. e4 e5 2. Nf3 Nc6 3. d4 exd4 4. Nxd4 Bc5 $14 5. Be3 Qf6 6. c3 Nge7 7. f4 Nxd4 8. cxd4 Bb4+ 9. Nc3 Qc6 10. d5 Bxc3+ 11. Kf2 Qg6 12. f5 Nxf5 13. bxc3 Nxe3 14. Kxe3 d6 15. Rb1 O-O 16. Qa4 f5 17. e5 f4+ 0-1

[Event "WYCC 2018 G14"]
[Site "Halkidiki"]
[Date "2018.10.21"]
[Round "2"]
[White "Ivanovic, Tara"]
[Black "Ziegenfuss, Antonia"]
[Result "0-1"]
[ECO "A34"]
[WhiteElo "1085"]
[BlackElo "1969"]
[Annotator "NA"]
[PlyCount "24"]
[EventDate "2018.10.20"]
[EventType "swiss"]
[EventCountry "GRE"]
[SourceTitle "playchess.com"]
[Source "ChessBase"]
[SourceQuality "1"]
[TimeControl "40/5400+30:1800+30"]

1. c4 c5 2. Nc3 Nf6 3. g3 d5 4. e3 d4 5. exd4 cxd4 6. Nce2 Nc6 7. Bg2 e5 8. Nf3 Bg4 9. O-O e4 10. Re1 Be7 11. Qa4 $19 (11. Nf4) 11... exf3 12. Nxd4 Qxd4 0-1

[Event "WYCC 2018 G14"]
[Site "Halkidiki"]
[Date "2018.10.21"]
[Round "3"]
[White "Nurgali, Nazerke"]
[Black "Dhyana Patel"]
[Result "1/2-1/2"]
[ECO "D74"]
[WhiteElo "2263"]
[BlackElo "2002"]
[Annotator "NA"]
[PlyCount "209"]
[EventDate "2018.10.20"]
[EventType "swiss"]
[EventCountry "GRE"]
[SourceTitle "playchess.com"]
[Source "ChessBase"]
[SourceQuality "1"]
[TimeControl "40/5400+30:1800+30"]

1. d4 Nf6 2. c4 g6 3. Nf3 d5 4. cxd5 Nxd5 5. g3 Bg7 6. Bg2 O-O 7. O-O c5 8. e4 Nf6 9. e5 Nfd7 {[%emt 0:00:26] D75: Grünfeldindisch (Fianchetto HV 7... c5)} (9... Nd5 10. dxc5 Na6 11. Qd4 Ndb4 12. Qh4 Nc2 13. Bg5 Qd7 14. Nc3 Nxa1 15. Rxa1 f6 16. Be3 Qg4 17. Qxg4 Bxg4 18. a3 {½-½ (54) Wojtaszek,R (2750)-Tomczak,J (2589) Warsaw 2018}) 10. e6 fxe6 11. Ng5 Qb6 12. Qe2 cxd4 13. Qxe6+ Qxe6 14. Nxe6 Nc6 15. Nxf8 Kxf8 16. Na3 $146 ({Vorgänger:} 16. Nd2 Nc5 17. Ne4 Nxe4 18. Bxe4 {1-0 (62) Alavi,S (2457)-Vahidov,T (2422) Teheran 2016}) 16... Nde5 17. h3 Bf5 18. Rd1 Rd8 19. f4 Nf7 20. g4 Be6 21. Bd2 Bd5 22. Nb5 Bxg2 23. Kxg2 Nd6 24. Nxd6 Rxd6 25. Rac1 Kf7 26. Kf3 Rf6 27. Ke4 Rd6 28. Kd3 a6 29. Rf1 Ke6 30. a3 Kd5 31. b4 b6 32. Rce1 e5 33. fxe5 Nxe5+ 34. Kc2 Rc6+ 35. Kb3 Nc4 36. Bc1 Ne5 37. Bd2 Nc4 38. Bf4 Be5 39. Bc1 Nd6 40. h4 Rc3+ 41. Ka2 Rc8 42. Bf4 Bxf4 43. Rxf4 Rc2+ 44. Kb1 Rc3 45. Rd1 Ne4 46. Rf7 Rxa3 47. Rd7+ Nd6 48. Rxh7 Rb3+ 49. Ka2 Rxb4 50. h5 gxh5 51. gxh5 Nb5 52. h6 Kc4 53. Rc7+ Nxc7 54. Rc1+ Kd3 55. h7 Nd5 56. h8=Q Nc3+ 57. Ka3 a5 58. Qh7+ Kc4 59. Qf7+ Kb5 60. Qf5+ Kc4 61. Qe6+ Kd3 62. Qg6+ Kc4 63. Qf7+ Kb5 64. Rf1 Ka6 65. Qe6 Nb5+ 66. Ka2 Nc3+ 67. Ka1 Kb5 68. Qf5+ Kc4 $1 69. Qf7+ Kb5 70. Qe8+ Kc4 71. Qg8+ Kb5 72. Qe8+ Kc4 73. Qc6+ Kb3 74. Qe6+ Ka4 75. Rc1 Kb5 76. Rg1 Ka4 $1 77. Rf1 $2 (77. Qh3 $18) 77... Kb5 78. Qf7 Ka4 79. Rc1 Kb5 80. Qe6 Ka4 81. Qf5 Kb3 82. Qe6+ Ka4 83. Rh1 Kb5 84. Qf5+ Kc4 85. Qf7+ Kb5 86. Qd7+ Kc4 87. Qc6+ Kb3 88. Qe6+ Ka4 89. Rc1 Kb5 90. Qf5+ Kc4 $1 91. Qc2 Kb5 92. Qd3+ Ka4 93. Qc2+ $2 (93. Re1 $18) 93... Kb5 94. Qf5+ Kc4 {[%emt 0:00:22] [#]} 95. Qe6+ $2 Kb5 96. Rg1 Ka4 97. Rf1 Kb5 98. Qf5+ Kc4 99. Qf7+ Kb5 {[%emt 0:00:13] [#]} 100. Rg1 $1 Ka4 101. Qf5 Kb3 $1 102. Qe6+ Ka4 103. Rf1 Kb5 104. Rf5+ Ka4 105. Rf1 $11 1/2-1/2

[Event "WYCC 2018 G14"]
[Site "Halkidiki"]
[Date "2018.10.21"]
[Round "3"]
[White "Caglar, Sila"]
[Black "Nguyen, Thien Ngan"]
[Result "1-0"]
[ECO "C45"]
[WhiteElo "2184"]
[BlackElo "1888"]
[Annotator "NA"]
[PlyCount "95"]
[EventDate "2018.10.20"]
[EventType "swiss"]
[EventCountry "GRE"]
[SourceTitle "playchess.com"]
[Source "ChessBase"]
[SourceQuality "1"]
[TimeControl "40/5400+30:1800+30"]

1. e4 e5 2. Nf3 Nc6 3. d4 exd4 4. Nxd4 Bc5 5. Be3 Qf6 6. c3 Nge7 7. Bb5 a6 8. Ba4 b5 9. Bc2 O-O 10. O-O d6 11. Nxc6 Nxc6 12. Bxc5 dxc5 13. f4 Bb7 14. Qh5 Qe7 15. Nd2 Na5 16. Rae1 Rad8 17. Nf3 Nc4 18. e5 g6 $14 19. Qh6 Bxf3 20. Rxf3 f5 21. Bb3 Rd2 22. Rf2 Rfd8 23. Ree2 Rxe2 24. Rxe2 Rd3 25. g3 Qe6 26. Qh3 c6 27. Qg2 Kf7 28. Qf2 Qd5 29. Qe1 Ke6 30. Bc2 Rd2 31. b3 Rxe2 32. Qxe2 Nd2 33. Kf2 h5 34. Bd3 c4 35. bxc4 bxc4 36. Bc2 a5 37. Qe3 a4 38. Ke2 Ne4 39. Bxa4 Qa5 40. Bxc6 Qxa2+ 41. Kf3 Nd2+ 42. Kg2 Ne4+ 43. Kh3 Nf2+ 44. Kh4 Nd3 45. Bb5 Nc5 46. Kh3 Ne4 47. Qd4 Qa3 48. Qd7# 1-0

[Event "WYCC 2018 G14"]
[Site "Halkidiki"]
[Date "2018.10.21"]
[Round "3"]
[White "Song, Yuxin"]
[Black "Mrudul Dehankar"]
[Result "1-0"]
[ECO "C78"]
[WhiteElo "2178"]
[BlackElo "1996"]
[Annotator "NA"]
[PlyCount "151"]
[EventDate "2018.10.20"]
[EventType "swiss"]
[EventCountry "GRE"]
[SourceTitle "playchess.com"]
[Source "ChessBase"]
[SourceQuality "1"]
[TimeControl "40/5400+30:1800+30"]

1. e4 e5 2. Nf3 Nc6 3. Bb5 a6 4. Ba4 Nf6 5. O-O b5 6. Bb3 Bb7 7. d3 Bc5 8. a4 O-O 9. Nc3 {[%emt 0:00:28] C78: Ruy Lopez: Archangelsk and Möller Defences} Nd4 (9... Na5 10. Ba2 b4 11. Ne2 d5 12. Nxe5 dxe4 13. d4 Bb6 14. Bg5 b3 15. cxb3 Nc6 16. b4 Nxd4 17. Nxd4 Qxd4 18. Bxf6 Qxd1 19. Raxd1 gxf6 20. Nxf7 Rxf7 {1-0 (40) Anand,V (2779)-Topalov,V (2760) Saint Louis 2016}) 10. Nxd4 exd4 11. Ne2 Re8 12. Bg5 h6 13. Bxf6 Qxf6 {[%emt 0:01:05] [#]} 14. axb5 $146 ({Predecessor:} 14. Ng3 c6 15. Nh5 Qg6 16. f4 {½-½ (43) Matei,C (2504)-Neagu,L (2558) ICCF email 2012}) 14... axb5 15. Rxa8 Rxa8 16. Ng3 Bf8 17. Qh5 d5 18. Bxd5 g6 19. Qg4 Bxd5 20. exd5 Rd8 21. Ne4 Qg7 22. Qh4 g5 23. Qh5 f5 24. Ng3 f4 25. Ne4 Rxd5 26. Ra1 Qf7 27. Qxf7+ Kxf7 28. Ra7 Rd7 29. Rb7 b4 30. f3 Ke6 31. b3 Be7 32. Ra7 c6 33. Ra6 Kd5 34. Nd2 Bc5 35. Ra8 Ra7 36. Rh8 Ra2 37. Re8 Bb6 38. Nc4 Bc7 39. Rc8 Ra7 40. Kf2 Kc5 41. Rf8 Kd5 42. Rf7 Bb8 43. Nb6+ Ke6 44. Rf8 Be5 45. Re8+ Re7 46. Rc8 Rc7 47. Ra8 Bf6 48. Nc4 Kf7 49. Nd6+ Ke6 50. Ne4 Kf7 51. Ra5 Be7 52. h4 Kg6 53. hxg5 hxg5 54. Re5 Kh6 55. Kg1 Kg6 56. Kh2 Bd8 57. Re8 Be7 58. Kh3 Kf5 59. Rg8 c5 60. Rg7 Rc8 61. g4+ Ke6 62. Nxg5+ Bxg5 63. Rxg5 Kd6 64. Rf5 Re8 65. g5 Re1 66. Rxf4 Rg1 67. Rg4 Rh1+ 68. Kg3 Rh7 69. g6 Rg7 70. Kf4 Ke6 71. Kg5 Rg8 72. Kh6 Rh8+ 73. Kg7 Ra8 74. Kh7 Ra1 75. g7 Rh1+ 76. Kg6 1-0

[Event "WYCC 2018 G14"]
[Site "Halkidiki"]
[Date "2018.10.21"]
[Round "3"]
[White "Galvan Cipriani, Viviana"]
[Black "Velea, Anne-Marie"]
[Result "1-0"]
[ECO "A13"]
[WhiteElo "2109"]
[BlackElo "1859"]
[Annotator "NA"]
[PlyCount "51"]
[EventDate "2018.10.20"]
[EventType "swiss"]
[EventCountry "GRE"]
[SourceTitle "playchess.com"]
[Source "ChessBase"]
[SourceQuality "1"]
[TimeControl "40/5400+30:1800+30"]

1. c4 e6 2. Nf3 d5 3. b3 Nf6 4. Bb2 b6 5. g3 Bb7 6. Bg2 Bd6 7. d3 O-O 8. Nbd2 Nbd7 9. Qc2 c5 10. O-O d4 11. e3 e5 12. exd4 exd4 13. Ne4 Nxe4 14. dxe4 Qc7 15. Nh4 Rae8 16. Nf5 f6 17. f4 Bc6 18. Rae1 g6 19. Nh4 Kg7 20. Bc1 Re7 21. Qd2 Rfe8 22. e5 Bxg2 23. exd6 Bxf1 24. Rxe7+ Rxe7 25. dxc7 Re8 26. Kxf1 1-0

[Event "WYCC 2018 G14"]
[Site "Halkidiki"]
[Date "2018.10.21"]
[Round "3"]
[White "Krasteva, Beloslava"]
[Black "Kasaeva, Sofiia"]
[Result "1/2-1/2"]
[ECO "D47"]
[WhiteElo "2089"]
[BlackElo "1874"]
[Annotator "NA"]
[PlyCount "77"]
[EventDate "2018.10.20"]
[EventType "swiss"]
[EventCountry "GRE"]
[SourceTitle "playchess.com"]
[Source "ChessBase"]
[SourceQuality "1"]
[TimeControl "40/5400+30:1800+30"]

1. d4 d5 2. c4 c6 3. Nc3 Nf6 4. e3 e6 5. Nf3 Nbd7 6. Bd3 dxc4 7. Bxc4 b5 8. Bd3 Bb7 9. O-O a6 10. a4 b4 $11 {[%emt 0:01:23] LiveBook: 175 Games} 11. Ne4 c5 12. Nxf6+ Nxf6 13. dxc5 Bxc5 14. Qe2 Qe7 15. e4 e5 16. b3 O-O 17. Bb2 Bd6 18. Nd2 a5 19. Nc4 Bc7 20. Rac1 Rac8 21. Ne3 g6 22. f3 Nd7 23. Kh1 Nc5 24. Bc4 Ne6 25. Nd5 Bxd5 26. exd5 Nf4 27. Qe4 Qg5 28. g3 Nh5 29. Rcd1 Bd6 30. Rfe1 Nf6 31. Qe2 Rfe8 32. Bc1 Qh5 33. Qg2 e4 34. f4 e3 35. Be2 Qf5 36. Bd3 Qh5 37. Be2 Qf5 38. Bd3 Qh5 39. Be2 1/2-1/2

[Event "WYCC 2018 G14"]
[Site "Halkidiki"]
[Date "2018.10.21"]
[Round "3"]
[White "Jyothsna L"]
[Black "Hrebenshchykova, Yelyzaveta"]
[Result "1-0"]
[ECO "A01"]
[WhiteElo "2060"]
[BlackElo "1968"]
[Annotator "NA"]
[PlyCount "113"]
[EventDate "2018.10.20"]
[EventType "swiss"]
[EventCountry "GRE"]
[SourceTitle "playchess.com"]
[Source "ChessBase"]
[SourceQuality "1"]
[TimeControl "40/5400+30:1800+30"]

1. b3 Nf6 2. Bb2 g6 3. e3 Bg7 4. Nf3 O-O 5. d4 d6 6. Be2 Nbd7 7. O-O c5 {A48: 1 d4 Nf6 2 Nf3 g6: Torre, London and Colle Systems} (7... e6 8. c4 Qe7 9. Nc3 Re8 10. Nb5 Nf8 11. c5 a6 12. cxd6 cxd6 13. Nc3 b5 14. Nd2 Bb7 15. a4 bxa4 16. Nxa4 {1-0 (25) Nakamura,H (2786)-Grigoriants,S (2576) chess.com INT 2017}) 8. d5 Re8 9. c4 Nf8 10. Nc3 $146 ({Predecessor:} 10. Qc2 Bf5 11. Bd3 Bxd3 12. Qxd3 e6 13. dxe6 Rxe6 14. Nc3 Qc7 15. Rad1 {½-½ (26) Gordeeva,V (1709)-Garny,A (1783) Oberhof 2011}) 10... e6 11. dxe6 Bxe6 12. Qc2 a6 13. Rad1 Qe7 14. Qc1 Rad8 15. Qa1 N8d7 16. Rd2 Qf8 17. Rfd1 Nb8 18. Ne1 Nc6 19. Bf3 Rd7 20. Nd3 g5 21. Nd5 Bxd5 22. cxd5 Ne5 23. Nxe5 dxe5 24. Bxe5 Nh5 25. Bxg7 Nxg7 26. Qf6 Qe7 27. Qxe7 Rdxe7 28. d6 Rd7 29. Rd5 Ne6 30. Bg4 h6 31. e4 b6 32. g3 Kg7 33. f4 gxf4 34. gxf4 Rdd8 35. Bxe6 fxe6 36. R5d2 Rf8 37. Rf1 Kf6 38. Kf2 e5 39. Ke3 exf4+ 40. Rxf4+ Ke6 41. Rh4 Rh8 42. e5 Kxe5 43. Re4+ Kf6 44. Rf2+ Kg6 45. Re6+ Kg5 46. Ke4 h5 47. Rf4 h4 48. h3 Rhf8 49. Rg4+ Kh5 50. Re5+ Kh6 51. Rxh4+ Kg6 52. Rg4+ Kf6 53. Rf4+ Kg6 54. Rxf8 Rxf8 55. h4 Rd8 56. Kd5 $18 Kf6 57. Re2 1-0

[Event "WYCC 2018 G14"]
[Site "Halkidiki"]
[Date "2018.10.21"]
[Round "3"]
[White "Mironenko, Galina"]
[Black "Bellahcene, Sofia"]
[Result "1/2-1/2"]
[ECO "D02"]
[WhiteElo "2053"]
[BlackElo "1764"]
[Annotator "NA"]
[PlyCount "91"]
[EventDate "2018.10.20"]
[EventType "swiss"]
[EventCountry "GRE"]
[SourceTitle "playchess.com"]
[Source "ChessBase"]
[SourceQuality "1"]
[TimeControl "40/5400+30:1800+30"]

1. d4 d5 2. Nf3 Nf6 3. g3 e6 4. Bg2 b5 5. O-O Bd6 6. b3 Bb7 7. Bb2 O-O 8. Ne5 b4 9. c4 bxc3 10. Bxc3 Nbd7 11. Nd2 c5 12. Nxd7 Nxd7 13. e4 cxd4 14. Bxd4 e5 15. Bb2 Ba6 16. Re1 d4 17. f4 Qb6 18. f5 Rac8 19. Kh1 Nc5 20. Bf1 Bxf1 21. Rxf1 Nd3 22. Nc4 Rxc4 23. Qxd3 Rc7 24. g4 Be7 25. Qg3 Rc2 26. Bc1 Qb5 27. Rg1 Qc6 28. Qf3 Qc3 29. Qxc3 Rxc3 30. Bd2 Rc2 31. Rgd1 h6 32. Kg1 Rd8 33. Kf1 d3 34. Be3 Rxh2 35. Bf2 Bh4 36. Bxa7 d2 37. Bg1 Rh3 38. Ke2 Rg3 39. Be3 Rxg4 40. a4 Rxe4 41. Kf3 Rb4 42. Rxd2 Rxd2 43. Bxd2 Rxb3+ 44. Ke4 Rb6 45. a5 Ra6 46. Rb1 1/2-1/2

[Event "WYCC 2018 G14"]
[Site "Halkidiki"]
[Date "2018.10.21"]
[Round "3"]
[White "Wikar, Martyna"]
[Black "Ning, Kaiyu"]
[Result "0-1"]
[ECO "B01"]
[WhiteElo "2024"]
[BlackElo "2217"]
[Annotator "NA"]
[PlyCount "74"]
[EventDate "2018.10.20"]
[EventType "swiss"]
[EventCountry "GRE"]
[SourceTitle "playchess.com"]
[Source "ChessBase"]
[SourceQuality "1"]
[TimeControl "40/5400+30:1800+30"]

1. e4 d5 2. exd5 Qxd5 3. Nf3 Bg4 4. Be2 Nc6 5. h3 Bxf3 6. Bxf3 Qd7 7. O-O Nf6 8. d4 O-O-O 9. c3 e5 10. dxe5 (10. Qb3 $14 exd4 11. cxd4) 10... Nxe5 11. Qxd7+ Rxd7 12. Be2 Bc5 13. Nd2 Re8 14. Nb3 {[#]} Bb6 $1 15. Bg5 Ne4 16. Bf4 f5 17. Bxe5 Rxe5 $17 18. Bf3 a5 19. a4 Nd2 20. Nxd2 Rxd2 21. Rab1 f4 22. b3 Rc2 23. c4 Bd4 24. Rbd1 c5 25. h4 h5 26. Rb1 g6 27. Bd1 Rd2 28. Bf3 Kc7 29. Bd1 Rxf2 30. Rxf2 Re1+ 31. Kh2 Bxf2 32. Bc2 Re6 33. Rd1 Bxh4 34. Rd5 Bg3+ 35. Kh3 Re1 36. Rd1 g5 37. Rxe1 g4# 0-1

[Event "WYCC 2018 G14"]
[Site "Halkidiki"]
[Date "2018.10.21"]
[Round "3"]
[White "Toncheva, Nadya"]
[Black "De Rycke, Tyani"]
[Result "1-0"]
[ECO "D10"]
[WhiteElo "2002"]
[BlackElo "1758"]
[Annotator "NA"]
[PlyCount "117"]
[EventDate "2018.10.20"]
[EventType "swiss"]
[EventCountry "GRE"]
[SourceTitle "playchess.com"]
[Source "ChessBase"]
[SourceQuality "1"]
[TimeControl "40/5400+30:1800+30"]

1. d4 d5 2. c4 c6 3. Nc3 Nf6 4. e3 Bf5 5. cxd5 cxd5 6. Qb3 Qd7 7. Nf3 e6 8. Bb5 Nc6 9. Ne5 Qc7 10. Qa4 Rc8 11. Qxa7 Bb4 12. Bd2 O-O 13. Bxc6 bxc6 14. Qxc7 Rxc7 15. f3 h6 16. Ke2 Bd6 17. Nd3 Rb8 18. b3 Ba3 19. Bc1 Bd6 20. g4 Bh7 21. Na4 Nd7 22. Bd2 Kf8 23. h3 Ke7 24. Rhc1 Ba3 25. Rc3 f6 26. Bc1 Bd6 27. Nac5 Nxc5 28. Nxc5 Ra7 29. Nd3 Kd7 30. a3 Bg6 31. Bb2 Rab7 32. b4 Ra7 33. Rac1 Rb6 34. h4 Ra8 35. Rg1 Rh8 36. Nc1 e5 37. Nb3 Rbb8 38. Rcc1 e4 39. f4 Bf7 40. Nc5+ Ke7 41. Bc3 Ra8 42. Ra1 Bxc5 43. dxc5 Ra4 44. Bb2 Be6 45. Rad1 Kf7 46. b5 Rb8 47. b6 Bc8 48. h5 g6 49. hxg6+ Kxg6 50. Kd2 Ra5 51. Rc1 Ba6 52. f5+ Kf7 53. Rh1 Kg7 54. Rh5 Rh8 55. g5 hxg5 56. Bxf6+ Kxf6 57. Rxh8 Kxf5 58. Ra8 Rxa3 59. Rxa6 1-0

[Event "WYCC 2018 G14"]
[Site "Halkidiki"]
[Date "2018.10.21"]
[Round "3"]
[White "Kamalidenova, Meruert"]
[Black "Divya Deshmukh"]
[Result "1-0"]
[ECO "B42"]
[WhiteElo "1999"]
[BlackElo "2180"]
[Annotator "ChessBase"]
[PlyCount "157"]
[EventDate "2018.10.20"]
[EventType "swiss"]
[EventCountry "GRE"]
[SourceTitle "playchess.com"]
[Source "ChessBase"]
[SourceQuality "1"]
[TimeControl "40/5400+30:1800+30"]

1. e4 c5 2. Nf3 e6 3. d4 cxd4 4. Nxd4 a6 5. Bd3 Qc7 6. O-O Nc6 7. Nxc6 bxc6 8. c4 Nf6 9. Nc3 Be7 10. Qe2 d6 11. f4 e5 12. f5 O-O 13. g4 d5 14. g5 Nxe4 15. Nxe4 dxe4 16. Bxe4 Bc5+ 17. Kh1 a5 18. Qh5 g6 19. Qh6 Rd8 20. Be3 Bf8 21. Qh4 Bb7 22. c5 Ba6 23. Rf3 Be2 24. Rh3 Bh5 25. Bf3 Bxf3+ 26. Rxf3 Qd7 27. Rh3 h5 28. gxh6 Kh7 29. fxg6+ fxg6 30. Rf1 Qd5+ 31. Rhf3 Rd7 32. Qg4 Re8 33. Qxd7+ Qxd7 34. Rf7+ Qxf7 35. Rxf7+ Kg8 36. Rf6 Rc8 37. Rxg6+ Kf7 38. h7 Bg7 39. Rd6 Bf6 40. Kg2 Kg6 41. h4 Kf5 42. Bg5 Bh8 43. Kf3 e4+ 44. Ke2 Bxb2 45. Bd2 a4 46. h5 Bh8 47. Ba5 Be5 48. Bb6 Rh8 49. Rd7 Ke6 50. Ra7 Kf5 51. a3 Bb2 52. Ba5 Re8 53. Bd2 e3 54. Bxe3 Kg4 55. h6 Kh5 56. Rxa4 Kg6 57. Kf3 Kxh7 58. Ra7+ Kg6 59. a4 Rf8+ 60. Kg4 Re8 61. Bf4 Re4 62. Kf3 Rc4 63. Be3 Rh4 64. Rc7 Rxa4 65. Rxc6+ Kh7 66. Rc7+ Kg6 67. Rc8 Rc4 68. c6 Be5 69. Ke2 Rc3 70. Kd2 Rc4 71. Kd3 Rh4 72. c7 Bxc7 73. Rxc7 Rh3 74. Ke4 Rh4+ 75. Bf4 Rh1 76. Rc6+ Kh7 77. Kf5 Rf1 78. Rc7+ Kh8 79. Kg6 1-0

[Event "WYCC 2018 G14"]
[Site "Halkidiki"]
[Date "2018.10.21"]
[Round "3"]
[White "Guillo Longares, Cecilia"]
[Black "Sleurs, Juliette"]
[Result "1/2-1/2"]
[ECO "D43"]
[WhiteElo "1998"]
[BlackElo "1812"]
[Annotator "NA"]
[PlyCount "108"]
[EventDate "2018.10.20"]
[EventType "swiss"]
[EventCountry "GRE"]
[SourceTitle "playchess.com"]
[Source "ChessBase"]
[SourceQuality "1"]
[TimeControl "40/5400+30:1800+30"]

1. d4 d5 2. c4 c6 3. Nc3 Nf6 4. Nf3 e6 5. cxd5 exd5 6. Bg5 Bf5 7. e3 Nbd7 8. Bd3 Bxd3 9. Qxd3 Bd6 10. O-O O-O 11. Rab1 h6 12. Bh4 a5 13. a3 a4 14. Qc2 Qa5 15. Nd2 Rfe8 16. Rbe1 Ng4 17. Bg3 Bxg3 18. hxg3 Ngf6 19. f3 Qa7 20. Kf2 Nb6 21. Rh1 Nc4 22. Nxc4 dxc4 23. Qf5 b5 24. g4 Qd7 25. Qf4 Nd5 26. Nxd5 Qxd5 27. Rh5 Qe6 28. Re5 Qg6 29. Rf5 Rad8 30. g5 Rd5 31. Rxd5 cxd5 32. gxh6 Qxh6 33. Qxh6 gxh6 34. Ke2 f5 35. Kd2 Kf7 36. Kc3 Rg8 37. Re2 Ke6 38. Kb4 Rb8 39. Kc5 b4 40. axb4 Rc8+ 41. Kb5 Ra8 42. e4 fxe4 43. fxe4 a3 44. bxa3 c3 45. e5 Rc8 46. Rc2 Kf5 47. Ka4 Ke4 48. Kb3 Kxd4 49. e6 Kd3 50. e7 d4 51. Rc1 Kd2 52. Rc2+ Kd3 53. Rc1 Kd2 54. Rc2+ Kd3 1/2-1/2

[Event "WYCC 2018 G14"]
[Site "Halkidiki"]
[Date "2018.10.21"]
[Round "3"]
[White "Eizaguerri Floris, Maria"]
[Black "Garifullina, Leya"]
[Result "1/2-1/2"]
[ECO "C00"]
[WhiteElo "1987"]
[BlackElo "2106"]
[Annotator "NA"]
[PlyCount "71"]
[EventDate "2018.10.20"]
[EventType "swiss"]
[EventCountry "GRE"]
[SourceTitle "playchess.com"]
[Source "ChessBase"]
[SourceQuality "1"]
[TimeControl "40/5400+30:1800+30"]

1. e4 e6 2. d4 d5 3. Bd3 dxe4 4. Bxe4 Nf6 5. Bf3 c5 6. Ne2 Nc6 7. Be3 e5 8. Bxc6+ bxc6 9. c3 cxd4 10. cxd4 exd4 11. Qxd4 Qxd4 12. Bxd4 Be7 13. O-O c5 14. Be5 O-O 15. Nbc3 Ba6 16. Rfd1 Rfd8 17. Bc7 Re8 18. Nf4 Bb7 19. h3 h6 20. Rac1 Bf8 21. Rc2 Ne4 22. Nb5 a6 23. Na3 Rac8 24. Ba5 Nd6 25. Nd5 Nf5 26. Nb6 Nd4 27. Nxc8 Nxc2 28. Nxc2 Bxc8 29. Ne3 Be6 30. a3 f5 31. Nd5 Rb8 32. Bc3 Rb7 33. Nf4 Rd7 34. Rxd7 Bxd7 35. Kf1 Bd6 36. Nd5 1/2-1/2

[Event "WYCC 2018 G14"]
[Site "Halkidiki"]
[Date "2018.10.21"]
[Round "3"]
[White "Stepanyan, Eva"]
[Black "Vuong, Quynh Anh"]
[Result "1-0"]
[ECO "B19"]
[WhiteElo "1981"]
[BlackElo "1747"]
[Annotator "NA"]
[PlyCount "147"]
[EventDate "2018.10.20"]
[EventType "swiss"]
[EventCountry "GRE"]
[SourceTitle "playchess.com"]
[Source "ChessBase"]
[SourceQuality "1"]
[TimeControl "40/5400+30:1800+30"]

1. e4 c6 2. d4 d5 3. Nc3 dxe4 4. Nxe4 Bf5 5. Ng3 Bg6 6. h4 h6 7. Nf3 Nd7 8. h5 Bh7 9. Bd3 Bxd3 10. Qxd3 e6 11. Bd2 Ngf6 12. O-O-O Be7 13. Kb1 O-O 14. Ne4 Nxe4 15. Qxe4 Nf6 16. Qe2 Qd5 17. Be3 Qb5 18. Qe1 Nd5 19. c3 Bf6 20. g4 Rfe8 21. Ne5 Nxe3 22. Qxe3 Bxe5 23. dxe5 Red8 24. g5 Rd5 25. Rxd5 Qxd5 26. Rg1 hxg5 27. Qxg5 Qd3+ 28. Kc1 Qh7 29. h6 Re8 30. Qf4 Qf5 31. Rxg7+ Kf8 32. Qxf5 exf5 33. Rg5 Ke7 34. Rxf5 Rh8 35. Rf6 Rg8 36. Kd2 Rg5 37. f4 Rg2+ 38. Kc1 a5 39. a4 Rf2 40. Kb1 Rh2 41. Ka2 Re2 42. Kb1 Re1+ 43. Kc2 Re2+ 44. Kb3 Rh2 45. Ka3 Rh3 46. Rd6 Rf3 47. Kb3 Rf2 48. Ka2 Rh2 49. f5 Rh5 50. f6+ Ke8 51. e6 fxe6 52. Rxe6+ Kf7 53. Re7+ Kxf6 54. Rxb7 Rxh6 55. Rc7 Ke5 56. Ra7 Kd6 57. Rxa5 Rh3 58. Rg5 Kc7 59. Rc5 Kb6 60. b4 Rh2+ 61. Kb3 Rh3 62. a5+ Kb7 63. Rg5 Rh7 64. Kc4 Ka6 65. Kc5 Kb7 66. a6+ Kxa6 67. Kxc6 Rh6+ 68. Kc5 Rh7 69. Rg6+ Kb7 70. b5 Rh5+ 71. Kb4 Rh1 72. c4 Rf1 73. Rg7+ Kb8 74. c5 1-0